 Dungeon Crawl Stone Soup version 0.18-a0-1088-g34ef3a2 (webtiles) character file.

37 tof the Skirmisher (level 3, -2/30 HPs)
             Began as a Formicid Fighter on Jan 15, 2016.
             Was an Initiate of Ashenzari.
             Slain by Sigmund
             ... wielding a +1 scythe of protection
              (5 damage)
             ... on level 2 of the Dungeon.
             The game lasted 00:01:57 (667 turns).

tof the Skirmisher (Formicid Fighter)                Turns: 667, Time: 00:01:57

Health: -2/30      AC:  7    Str: 20    XL:     3   Next: 60%
Magic:  3/3        EV:  8    Int:  7    God:    Ashenzari [......]
Gold:   64         SH:  9    Dex: 11    Spells: 0 memorised, 2 levels left

rFire  . . .     SeeInvis +     a - +0 long sword
rCold  . . .     Gourm    .     b - +0 scale mail
rNeg   . . .     Faith    .     c - +0 shield
rPois  .         Spirit   .     (helmet unavailable)
rElec  .         Dismiss  .     (no cloak)
rCorr  .         Reflect  .     (no gloves)
SustAt .         Harm     .     (no boots)
MR     .....                    (no amulet)
Stlth  ..........               (no ring)
                                (no ring)

@: not resistant to hostile enchantments, extremely unstealthy
A: permanent stasis, dig shafts and tunnels, four strong arms, antennae 3
a: Dig, Shaft Self, Renounce Religion


You were on level 2 of the Dungeon.
You worshipped Ashenzari.
Ashenzari was noncommittal.
You were not hungry.

You visited 1 branch of the dungeon, and saw 2 of its levels.

You collected 64 gold pieces.

Inventory:

Hand Weapons
 a - a +0 long sword (weapon)
Armour
 b - a +0 scale mail (worn)
 c - a +0 shield (worn)
Jewellery
 k - an uncursed ring of fire
Scrolls
 j - a scroll of teleportation {unknown}
 l - a scroll of remove curse
 m - a scroll of identify {unknown}
 n - a scroll of noise {unknown}
 o - a scroll of fog {unknown}
Potions
 d - a potion of might
 e - a potion of lignification {unknown}
 h - a potion of flight {unknown}
 i - a potion of curing {unknown}
Comestibles
 f - 3 bread rations
 g - a meat ration


   Skills:
 + Level 3.9 Fighting
 + Level 2.2 Long Blades
 + Level 3.7 Armour
 + Level 0.3 Dodging
 + Level 3.9 Shields


You had 2 spell levels left.
You didn't know any spells.

Dungeon Overview and Level Annotations

Branches:
Dungeon (2/15)

Altars:
Ashenzari

Annotations:
D:2 Sigmund


Innate Abilities, Weirdness & Mutations

You are under a permanent stasis effect.
You can dig through walls and to a lower floor.
Your four strong arms can wield two-handed weapons with a shield.
You have a pair of large antennae on your head (SInv).


Message History

You closely miss Sigmund.
Sigmund is heavily wounded.
Sigmund completely misses you.
You closely miss Sigmund.
Sigmund is heavily wounded.
Sigmund closely misses you.
You closely miss Sigmund.
Sigmund is heavily wounded.
You block Sigmund's attack.
You hit Sigmund.
Sigmund is heavily wounded.
Sigmund is suddenly surrounded by pale red light.
Sigmund hits you with a scythe of protection!
* * * LOW HITPOINT WARNING * * *
You are too injured to fight recklessly!
You are too injured to fight recklessly!
You completely miss Sigmund.
Sigmund is heavily wounded.
Sigmund hits you with a scythe of protection.
You die...

## ..
###[###
.......
.......
.......####
..........#
.......<..#
......)@..#
........@.#
..........#
..........#
#..........
{
#########...
...> .....


You could see Sigmund.

Vanquished Creatures
  2 oozes (D:1)
  A giant gecko (D:1)
  5 bats (D:1)
  A giant cockroach (D:1)
  4 goblins (D:1)
  4 hobgoblins
  A giant newt (D:1)
  4 kobolds (D:1)
  6 rats (D:1)
28 creatures vanquished.

Notes
Turn   | Place    | Note
--------------------------------------------------------------
     0 | D:1      | tof the Formicid Fighter began the quest for the Orb.
     0 | D:1      | Reached XP level 1. HP: 18/18 MP: 1/1
    63 | D:1      | Reached XP level 2. HP: 22/24 MP: 2/2
    93 | D:1      | Found a shattered altar of Ashenzari.
   100 | D:1      | Became a worshipper of Ashenzari the Shackled
   337 | D:1      | Reached XP level 3. HP: 25/30 MP: 3/3
   639 | D:2      | Noticed Sigmund
   667 | D:2      | Slain by Sigmund

Vault maps used:
D:1:      minmay_arrival_semitransparent, st_stairs_3, ashenzari_altar_1
D:2:      serial_forest, infiniplex_forest_clump_double,
          infiniplex_forest_clump_long, infiniplex_forest_split,
          infiniplex_forest_clump_cross, infiniplex_forest_straight_1,
          infiniplex_forest_clump_diagonal, infiniplex_forest_end_double,
          infiniplex_forest_side_room, uniq_sigmund

Action                   || total
-------------------------++-------
Melee: Long sword        ||    93
